Royaux vs Mulligans
Created - March 20, 2021 at 19:49
Goals
|
| Royaux |
2 |
5 |
2 |
9 |
| Mulligans |
3 |
2 |
1 |
6 |
|
Shots
|
| Royaux |
11 |
18 |
9 |
38 |
| Mulligans |
19 |
10 |
4 |
33 |
|
1st period
1. Mulligans , Sven Baertschi 22 (Anton Lander 52, Logan Shaw 39) at 0:10
2. Royaux , Adam Gaudette 24 (Brandon Pirri 27, Mathew Barzal 22) at 6:30 (PP)
3. Mulligans , Joonas Donskoi 26 (Reid Boucher 16, Maxime Macenauer 24) at 9:07
4. Royaux , Danny Kristo 20 (Tye McGinn 51) at 9:33
5. Mulligans , Sven Baertschi 23 (Anton Lander 53) at 11:08
Penalties :
Sven Baertschi (Rep) for High sticking (Minor) at 5:53, Joonas Donskoi (Rep) for Hooking (Minor) at 12:58
2nd period
6. Royaux , Jordie Benn 6 (Rourke Chartier 10) at 1:15
7. Royaux , Ben Hanowski 24 (Tye McGinn 52) at 5:37
8. Royaux , Sonny Milano 11 (Mathew Barzal 23, Phil Oreskovic 16) at 6:31
9. Royaux , Adam Gaudette 25 (Tye McGinn 53) at 8:03
10. Royaux , Dylan Larkin 40 (Brandon Pirri 28) at 9:31
11. Mulligans , Joonas Donskoi 27 (Reid Boucher 17, Maxime Macenauer 25) at 11:05
12. Mulligans , Conor Garland 3 (Cristiano Digiacinto 1, Darren Dietz 16) at 15:24
Penalties :
Logan Shaw (Rep) for Slashing (Minor) at 18:41
3rd period
13. Royaux , Travis Sanheim 3 (Ben Hanowski 27) at 2:41
14. Royaux , Brandon Pirri 35 (Adam Gaudette 20) at 8:13 (PP)
15. Mulligans , Cristiano Digiacinto 1 (Christian Wolanin 3, Jonny Brodzinski 6) at 12:01
Penalties :
Logan Shaw (Rep) for Roughing (Minor) at 7:46
Goalie Stats
Olivier Roy (Cap), 27 saves from 33 shots - (0.818), W, 19-11-3, 60:00 minutes
Calvin Pickard (Rep), 10 saves from 15 shots - (0.667), 26:31 minutes
Juuse Saros (Rep), 19 saves from 23 shots - (0.826), L, 1-9-3, 33:29 minutes
Players Stats for Royaux
Player Name G A P +/- PIM S H SB GA TA FO MP PP MP PK MP
------------------------------------------------------------------------------------
Adam Gaudette 2 1 3 3 0 4 2 1 0 1 2/9 16:33 1:46 0:00
Ben Hanowski 1 1 2 3 0 3 1 1 0 0 0/0 16:37 1:50 0:00
Brandon Pirri 1 2 3 -3 0 3 1 1 0 1 1/2 20:48 1:46 0:00
Brendan Woods 0 0 0 1 0 0 1 0 1 0 0/0 7:26 0:00 0:00
Danny Kristo 1 0 1 1 0 4 1 0 1 0 0/0 12:49 0:00 0:00
Dylan Larkin 1 0 1 -4 0 8 1 0 2 0 23/38 23:12 3:16 0:00
Jordie Benn 1 0 1 -1 0 3 2 2 1 1 0/0 24:39 3:12 0:00
Marcus Pettersson 0 0 0 -1 0 1 0 0 0 0 0/0 24:39 3:12 0:00
Mathew Barzal 0 2 2 1 0 0 1 0 0 0 4/8 14:39 1:46 0:00
Mathieu Joseph 0 0 0 1 0 0 0 0 0 0 0/0 7:26 0:00 0:00
Pavel Buchnevich 0 0 0 -4 0 2 5 1 1 0 1/2 23:12 3:16 0:00
Phil Oreskovic 0 1 1 1 0 1 1 3 0 1 0/0 15:42 0:00 0:00
Rourke Chartier 0 1 1 1 0 0 0 0 0 0 1/3 7:26 0:00 0:00
Ryan Pulock 0 0 0 1 0 1 1 1 0 0 0/0 15:42 0:00 0:00
Simon Despres 0 0 0 1 0 0 0 2 0 0 0/0 17:45 0:00 0:00
Sonny Milano 1 0 1 1 0 3 2 0 0 0 0/0 12:49 0:00 0:00
Travis Sanheim 1 0 1 1 0 2 1 0 0 0 0/0 19:39 1:50 0:00
Tye McGinn 0 3 3 2 0 3 2 0 2 0 0/0 18:57 3:16 0:00
Players Stats for Mulligans
Player Name G A P +/- PIM S H SB GA TA FO MP PP MP PK MP
------------------------------------------------------------------------------------
Anton Lander 0 2 2 -2 0 1 1 0 0 0 18/35 23:16 0:00 3:24
Ben Hutton 0 0 0 1 0 3 2 1 2 0 0/0 26:54 0:00 3:22
Brandon Carlo 0 0 0 1 0 3 2 4 0 1 0/0 26:54 0:00 3:22
Brett Seney 0 0 0 0 0 1 1 1 0 0 0/0 10:55 0:00 0:00
Christian Wolanin 0 1 1 0 0 0 1 1 0 0 0/0 13:02 0:00 0:00
Conor Garland 1 0 1 2 0 1 1 0 0 0 0/0 8:24 0:00 0:00
Cristiano Digiacinto 1 1 2 2 0 2 1 0 0 0 0/0 8:24 0:00 0:00
Darren Dietz 0 1 1 -2 0 3 0 0 0 0 0/0 20:04 0:00 1:40
Ilya Lyubushkin 0 0 0 -2 0 0 3 3 0 2 0/0 20:04 0:00 1:40
Jonny Brodzinski 0 1 1 1 0 4 2 0 0 0 3/5 9:50 0:00 1:17
Joonas Donskoi 2 0 2 -1 2 4 3 3 0 0 0/4 15:46 0:00 0:00
Logan Shaw 0 1 1 -2 4 2 0 0 1 2 1/1 20:26 0:00 0:31
Maxime Macenauer 0 2 2 0 0 3 1 0 0 1 3/8 20:03 0:00 3:27
Reid Boucher 0 2 2 -1 0 0 0 0 0 1 2/3 15:49 0:00 0:07
Robbie Russo 0 0 0 0 0 0 0 2 0 1 0/0 13:02 0:00 0:00
Robby Fabbri 0 0 0 0 0 2 2 0 0 0 2/4 10:55 0:00 0:00
Sven Baertschi 2 0 2 -2 2 2 0 0 1 0 1/2 20:11 0:00 1:18
Valeri Nichushkin 0 0 0 0 0 2 1 0 0 0 0/0 10:55 0:00 0:00
3 Stars
1 - Adam Gaudette (Cap)
2 - Ben Hanowski (Cap)
3 - Tye McGinn (Cap)
Power Play
Royaux - 2 on 4 Attempt(s) - 50.00%
Mulligans - 0 on 0 Attempt(s) - 0.00%
Penalty Kill
Royaux - 0 on 0 Attempt(s) - 0.00%
- Score 0 goal in Penalty Kill
Mulligans - 2 on 4 Attempt(s) - 50.00%
- Score 0 goal in Penalty Kill
Team Stat
Royaux - Hits : 22 - Faceoff Wins : 32 - Blocked Shots : 12 - Penalty Minutes : 0
Mulligans - Hits : 21 - Faceoff Wins : 30 - Blocked Shots : 15 - Penalty Minutes : 8
Official
Referees : Unknown
Linesman : Unknown
Game Notes
Juuse Saros enters game at 6:31 of 2nd period
Finance
Level 1 -- Attendance: 1845 (92.25%) -- Ticket Income $35,055
Level 2 -- Attendance: 992 (99.20%) -- Ticket Income $8,928
Total Attendance: 2837 (94.57%)
Total Ticket Income: $43,983
Other Income: $2,199
Total Income: $46,182
Royaux
5 vs 5 Forward
Center Left Wing Right Wing Time % Phy DF OF
1 Dylan Larkin Brandon Pirri Pavel Buchnevich 40 0 2 3
2 Adam Gaudette Tye McGinn Ben Hanowski 30 0 2 3
3 Mathew Barzal Sonny Milano Danny Kristo 20 0 2 3
4 Rourke Chartier Brendan Woods Mathieu Joseph 10 0 3 2
5 vs 5 Defense
Defense Defense Time % Phy DF OF
1 Travis Sanheim Simon Despres 35 0 3 2
2 Marcus Pettersson Jordie Benn 35 0 3 2
3 Ryan Pulock Phil Oreskovic 15 0 3 2
4 Ryan Pulock Phil Oreskovic 15 0 3 2
PowerPlay Forward
Center Left Wing Right Wing Time % Phy DF OF
1 Dylan Larkin Tye McGinn Pavel Buchnevich 60 0 1 4
2 Adam Gaudette Brandon Pirri Mathew Barzal 40 0 1 4
PowerPlay Defense
Defense Defense Time % Phy DF OF
1 Jordie Benn Marcus Pettersson 60 0 2 3
2 Ben Hanowski Travis Sanheim 40 0 2 3
Penalty Kill 4 Players Forward
Center Wing Time % Phy DF OF
1 Danny Kristo Brendan Woods 60 0 4 1
2 Ben Hanowski Tye McGinn 40 0 4 1
Penalty Kill 4 Players Defense
Defense Defense Time % Phy DF OF
1 Jordie Benn Simon Despres 60 1 2 2
2 Phil Oreskovic Ryan Pulock 40 1 2 2
Penalty Kill - 3 Players Forward
Forward Time % Phy DF OF
1 Brendan Woods 60 0 4 1
2 Danny Kristo 40 0 4 1
Penalty Kill - 3 Players Defense
Defense Defense Time % Phy DF OF
1 Jordie Benn Simon Despres 60 1 2 2
2 Phil Oreskovic Ryan Pulock 40 1 2 2
4 vs 4 Forward
Center Wing Time % Phy DF OF
1 Dylan Larkin Tye McGinn 60 0 2 3
2 Adam Gaudette Pavel Buchnevich 40 0 2 3
4 vs 4 Defense
Defense Defense Time % Phy DF OF
1 Travis Sanheim Simon Despres 60 0 3 2
2 Jordie Benn Marcus Pettersson 40 0 3 2
Last Minutes Offensive
Center Left Wing Right Wing Defense Defense
Dylan Larkin Tye McGinn Pavel Buchnevich Marcus Pettersson Travis Sanheim
Last Minutes Defensive
Center Left Wing Right Wing Defense Defense
Tye McGinn Brendan Woods Danny Kristo Phil Oreskovic Simon Despres
Goaltenders
Starting : Olivier Roy
Backup : Igor Shesterkin
Extra Forwards
Normal : Dylan Larkin, Pavel Buchnevich, Mathew Barzal - PP : Sonny Milano, Danny Kristo - PK : Brandon Pirri
Extra Defensemen
Normal : Travis Sanheim, Marcus Pettersson, Phil Oreskovic - PP : Simon Despres - PK : Marcus Pettersson, Travis Sanheim
Penalty Shots
Dylan Larkin, Brandon Pirri, Danny Kristo, Sonny Milano, Ben Hanowski
Scratches
Vladislav Namestnikov (Healthy), Garrett Wilson (Healthy), Troy Terry (Healthy), Tanner Kero (Healthy), Greg McKegg (Healthy)
Nikita Pavlychev (Healthy), Konrad Abeltshauser (Healthy), Dylan DeMelo (Healthy), Tomas Hyka (Healthy), Ian McCoshen (Healthy)
Michael Bunting (Healthy), Ryan Mantha (Healthy), Jack Ramsey (Healthy), Marcus Hogberg (Healthy)
Mulligans
5 vs 5 Forward
Center Left Wing Right Wing Time % Phy DF OF
1 Anton Lander Sven Baertschi Logan Shaw 40 1 2 2
2 Maxime Macenauer Reid Boucher Joonas Donskoi 30 1 2 2
3 Robby Fabbri Brett Seney Valeri Nichushkin 20 1 2 2
4 Jonny Brodzinski Cristiano Digiacinto Conor Garland 10 1 2 2
5 vs 5 Defense
Defense Defense Time % Phy DF OF
1 Ben Hutton Brandon Carlo 40 1 2 2
2 Darren Dietz Ilya Lyubushkin 30 1 2 2
3 Robbie Russo Christian Wolanin 20 1 2 2
4 Ben Hutton Brandon Carlo 10 1 2 2
PowerPlay Forward
Center Left Wing Right Wing Time % Phy DF OF
1 Anton Lander Sven Baertschi Logan Shaw 60 1 2 2
2 Maxime Macenauer Reid Boucher Joonas Donskoi 40 1 2 2
PowerPlay Defense
Defense Defense Time % Phy DF OF
1 Ben Hutton Brandon Carlo 60 1 2 2
2 Darren Dietz Ilya Lyubushkin 40 1 2 2
Penalty Kill 4 Players Forward
Center Wing Time % Phy DF OF
1 Anton Lander Maxime Macenauer 60 1 2 2
2 Logan Shaw Sven Baertschi 40 1 2 2
Penalty Kill 4 Players Defense
Defense Defense Time % Phy DF OF
1 Ben Hutton Brandon Carlo 60 1 2 2
2 Darren Dietz Ilya Lyubushkin 40 1 2 2
Penalty Kill - 3 Players Forward
Forward Time % Phy DF OF
1 Anton Lander 60 1 2 2
2 Maxime Macenauer 40 1 2 2
Penalty Kill - 3 Players Defense
Defense Defense Time % Phy DF OF
1 Ben Hutton Brandon Carlo 60 1 2 2
2 Darren Dietz Ilya Lyubushkin 40 1 2 2
4 vs 4 Forward
Center Wing Time % Phy DF OF
1 Anton Lander Maxime Macenauer 60 1 2 2
2 Logan Shaw Sven Baertschi 40 1 2 2
4 vs 4 Defense
Defense Defense Time % Phy DF OF
1 Ben Hutton Brandon Carlo 60 1 2 2
2 Darren Dietz Ilya Lyubushkin 40 1 2 2
Last Minutes Offensive
Center Left Wing Right Wing Defense Defense
Anton Lander Sven Baertschi Logan Shaw Ben Hutton Brandon Carlo
Last Minutes Defensive
Center Left Wing Right Wing Defense Defense
Anton Lander Sven Baertschi Logan Shaw Ben Hutton Brandon Carlo
Goaltenders
Starting : Calvin Pickard
Backup : Juuse Saros
Extra Forwards
Normal : Valeri Nichushkin, Robby Fabbri, Jonny Brodzinski - PP : Valeri Nichushkin, Robby Fabbri - PK : Jonny Brodzinski
Extra Defensemen
Normal : Robbie Russo, Christian Wolanin, Darren Dietz - PP : Robbie Russo - PK : Christian Wolanin, Darren Dietz
Penalty Shots
Anton Lander, Maxime Macenauer, Logan Shaw, Sven Baertschi, Joonas Donskoi
Scratches
Dalton Thrower (Healthy), Alexander Dergachyov (Healthy), Sam Bennett (Healthy)
% Time on Ice - Royaux
Lines # - Real PCT - Wanted PCT - Time Play
Normal Forward
1 - 36% - 40% - 19:56
2 - 27% - 30% - 14:47
3 - 23% - 20% - 12:49
4 - 14% - 10% - 7:26
Normal Defense
1 - 34% - 35% - 18:48
2 - 37% - 35% - 20:28
3 - 15% - 15% - 8:00
4 - 14% - 15% - 7:42
PP Forward
1 - 65% - 60% - 3:16
2 - 35% - 40% - 1:46
PP Defense
1 - 64% - 60% - 3:12
2 - 36% - 40% - 1:50
PK Forward
1 - 0% - 60%
2 - 0% - 40%
PK Defense
1 - 0% - 60%
2 - 0% - 40%
PK3 Forward
1 - 0% - 60%
2 - 0% - 40%
PK3 Defense
1 - 0% - 60%
2 - 0% - 40%
44 Forward
1 - 0% - 60%
2 - 0% - 40%
44 Defense
1 - 0% - 60%
2 - 0% - 40%
Last Minute Offensive - 0:00
Last Minute Defensive - 0:00
Total
Forward - 60:00
Defense - 60:00
|
% Time on Ice - Mulligans
Lines # - Real PCT - Wanted PCT - Time Play
Normal Forward
1 - 36% - 40% - 19:52
2 - 29% - 30% - 15:47
3 - 20% - 20% - 10:55
4 - 15% - 10% - 8:24
Normal Defense
1 - 38% - 40% - 20:58
2 - 33% - 30% - 18:24
3 - 24% - 20% - 13:02
4 - 5% - 10% - 2:34
PP Forward
1 - 0% - 60%
2 - 0% - 40%
PP Defense
1 - 0% - 60%
2 - 0% - 40%
PK Forward
1 - 80% - 60% - 4:02
2 - 20% - 40% - 1:00
PK Defense
1 - 67% - 60% - 3:22
2 - 33% - 40% - 1:40
PK3 Forward
1 - 0% - 60%
2 - 0% - 40%
PK3 Defense
1 - 0% - 60%
2 - 0% - 40%
44 Forward
1 - 0% - 60%
2 - 0% - 40%
44 Defense
1 - 0% - 60%
2 - 0% - 40%
Last Minute Offensive - 0:00
Last Minute Defensive - 0:00
Total
Forward - 60:00
Defense - 60:00
|
Play-by-Play
1st period
0:01 of 1st period - Anton Lander wins face-off versus Dylan Larkin in neutral zone.
0:10 of 1st period - Snap shot by Sven Baertschi.
0:10 of 1st period - Goal by Sven Baertschi - Royaux : 0 - Mulligans : 1.
0:11 of 1st period - Adam Gaudette wins face-off versus Maxime Macenauer in neutral zone.
0:36 of 1st period - Jordie Benn is hit by Ilya Lyubushkin and loses puck.
1:19 of 1st period - Snap shot by Jonny Brodzinski.
1:19 of 1st period - Shot Misses the Net.
1:21 of 1st period - Slapshot by Brandon Carlo.
1:21 of 1st period - Stopped by Olivier Roy without a rebound.
1:22 of 1st period - Jonny Brodzinski wins face-off versus Rourke Chartier in Royaux zone.
1:49 of 1st period - Wrist shot by Ben Hutton.
1:49 of 1st period - Stopped by Olivier Roy without a rebound.
1:50 of 1st period - Anton Lander wins face-off versus Adam Gaudette in Royaux zone.
1:59 of 1st period - Snap shot by Ben Hanowski.
1:59 of 1st period - Shot Misses the Net.
2:01 of 1st period - Wrist shot by Tye McGinn.
2:01 of 1st period - Shot Blocked by Ilya Lyubushkin.
2:03 of 1st period - Slapshot by Ryan Pulock.
2:03 of 1st period - Stopped by Calvin Pickard without a rebound.
2:04 of 1st period - Reid Boucher wins face-off versus Dylan Larkin in Mulligans zone.
2:04 of 1st period - Reid Boucher is hit by Pavel Buchnevich.
2:56 of 1st period - Wrist shot by Danny Kristo.
2:56 of 1st period - Stopped by Calvin Pickard with a rebound.
3:27 of 1st period - Off-side.
3:28 of 1st period - Anton Lander wins face-off versus Brandon Pirri in neutral zone.
4:15 of 1st period - Off-side.
4:16 of 1st period - Robby Fabbri wins face-off versus Mathew Barzal in neutral zone.
4:27 of 1st period - Slapshot by Brett Seney.
4:27 of 1st period - Shot Misses the Net.
4:29 of 1st period - Snap shot by Brett Seney.
4:29 of 1st period - Stopped by Olivier Roy with a rebound.
4:31 of 1st period - Slapshot by Robbie Russo.
4:31 of 1st period - Shot Misses the Net.
4:41 of 1st period - Logan Shaw is hit by Pavel Buchnevich.
5:03 of 1st period - Snap shot by Tye McGinn.
5:03 of 1st period - Stopped by Calvin Pickard without a rebound.
5:04 of 1st period - Maxime Macenauer wins face-off versus Adam Gaudette in Mulligans zone.
5:11 of 1st period - Phil Oreskovic is hit by Maxime Macenauer and loses puck.
5:20 of 1st period - Wrist shot by Ben Hanowski.
5:20 of 1st period - Shot Misses the Net.
5:22 of 1st period - Snap shot by Tye McGinn.
5:22 of 1st period - Stopped by Calvin Pickard with a rebound.
5:24 of 1st period - Slapshot by Ryan Pulock.
5:24 of 1st period - Shot Blocked by Brandon Carlo.
5:26 of 1st period - Wrist shot by Adam Gaudette.
5:26 of 1st period - Stopped by Calvin Pickard with a rebound.
5:28 of 1st period - Snap shot by Jordie Benn.
5:28 of 1st period - Stopped by Calvin Pickard without a rebound.
5:29 of 1st period - Dylan Larkin wins face-off versus Anton Lander in Mulligans zone.
5:36 of 1st period - Wrist shot by Dylan Larkin.
5:36 of 1st period - Shot Misses the Net.
5:38 of 1st period - Wrist shot by Dylan Larkin.
5:38 of 1st period - Deflect By Pavel Buchnevich.
5:38 of 1st period - Shot Misses the Net.
5:38 of 1st period - Puck is out of play.
5:39 of 1st period - Dylan Larkin wins face-off versus Anton Lander in Mulligans zone.
5:53 of 1st period - Minor Penalty to Sven Baertschi for High sticking.
5:54 of 1st period - Anton Lander wins face-off versus Dylan Larkin in Mulligans zone.
6:04 of 1st period - Snap shot by Dylan Larkin.
6:04 of 1st period - Shot Blocked by Brandon Carlo.
6:30 of 1st period - Snap shot by Adam Gaudette.
6:30 of 1st period - Goal by Adam Gaudette - Royaux : 1 - Mulligans : 1.
6:31 of 1st period - Anton Lander wins face-off versus Dylan Larkin in neutral zone.
6:38 of 1st period - Wrist shot by Anton Lander.
6:38 of 1st period - Shot Misses the Net.
8:41 of 1st period - Wrist shot by Conor Garland.
8:41 of 1st period - Shot Misses the Net.
8:43 of 1st period - Snap shot by Conor Garland.
8:43 of 1st period - Shot Blocked by Jordie Benn.
8:57 of 1st period - Snap shot by Reid Boucher.
8:57 of 1st period - Deflect By Maxime Macenauer.
8:57 of 1st period - Stopped by Olivier Roy without a rebound.
8:58 of 1st period - Dylan Larkin wins face-off versus Maxime Macenauer in Royaux zone.
9:05 of 1st period - Snap shot by Reid Boucher.
9:05 of 1st period - Shot Misses the Net.
9:07 of 1st period - Slapshot by Joonas Donskoi.
9:07 of 1st period - Goal by Joonas Donskoi - Royaux : 1 - Mulligans : 2.
9:08 of 1st period - Dylan Larkin wins face-off versus Anton Lander in neutral zone.
9:33 of 1st period - Slapshot by Danny Kristo.
9:33 of 1st period - Goal by Danny Kristo - Royaux : 2 - Mulligans : 2.
9:34 of 1st period - Dylan Larkin wins face-off versus Anton Lander in neutral zone.
9:45 of 1st period - Wrist shot by Dylan Larkin.
9:45 of 1st period - Shot Blocked by Brandon Carlo.
10:03 of 1st period - Snap shot by Maxime Macenauer.
10:03 of 1st period - Shot Misses the Net.
10:19 of 1st period - Wrist shot by Danny Kristo.
10:19 of 1st period - Shot Blocked by Robbie Russo.
10:58 of 1st period - Slapshot by Jonny Brodzinski.
10:58 of 1st period - Shot Misses the Net.
11:08 of 1st period - Wrist shot by Sven Baertschi.
11:08 of 1st period - Goal by Sven Baertschi - Royaux : 2 - Mulligans : 3.
11:09 of 1st period - Dylan Larkin wins face-off versus Anton Lander in neutral zone.
11:12 of 1st period - Wrist shot by Pavel Buchnevich.
11:12 of 1st period - Stopped by Calvin Pickard with a rebound.
11:34 of 1st period - Maxime Macenauer is hit by Tye McGinn and loses puck.
11:45 of 1st period - Wrist shot by Ben Hanowski.
11:45 of 1st period - Shot Misses the Net.
11:47 of 1st period - Slapshot by Marcus Pettersson.
11:47 of 1st period - Shot Blocked by Ilya Lyubushkin.
12:05 of 1st period - Snap shot by Valeri Nichushkin.
12:05 of 1st period - Stopped by Olivier Roy with a rebound.
12:07 of 1st period - Snap shot by Darren Dietz.
12:07 of 1st period - Stopped by Olivier Roy with a rebound.
12:09 of 1st period - Slapshot by Robby Fabbri.
12:09 of 1st period - Stopped by Olivier Roy without a rebound.
12:10 of 1st period - Dylan Larkin wins face-off versus Anton Lander in Royaux zone.
12:48 of 1st period - Snap shot by Tye McGinn.
12:48 of 1st period - Shot Blocked by Joonas Donskoi.
12:50 of 1st period - Wrist shot by Tye McGinn.
12:50 of 1st period - Shot Hit the Post.
12:52 of 1st period - Snap shot by Adam Gaudette.
12:52 of 1st period - Shot Misses the Net.
12:58 of 1st period - Minor Penalty to Joonas Donskoi for Hooking.
12:59 of 1st period - Anton Lander wins face-off versus Dylan Larkin in Mulligans zone.
14:58 of 1st period - Penalty to Joonas Donskoi is over, Joonas Donskoi is back on ice.
15:12 of 1st period - Snap shot by Valeri Nichushkin.
15:12 of 1st period - Shot Blocked by Phil Oreskovic.
15:14 of 1st period - Slapshot by Brandon Carlo.
15:14 of 1st period - Stopped by Olivier Roy with a rebound.
15:16 of 1st period - Snap shot by Robby Fabbri.
15:16 of 1st period - Shot Blocked by Phil Oreskovic.
15:18 of 1st period - Backhand shot by Valeri Nichushkin.
15:18 of 1st period - Stopped by Olivier Roy without a rebound.
15:19 of 1st period - Mathew Barzal wins face-off versus Robby Fabbri in Royaux zone.
15:43 of 1st period - Marcus Pettersson is hit by Conor Garland and loses puck.
15:50 of 1st period - Snap shot by Jonny Brodzinski.
15:50 of 1st period - Stopped by Olivier Roy without a rebound.
15:51 of 1st period - Anton Lander wins face-off versus Dylan Larkin in Royaux zone.
15:52 of 1st period - Snap shot by Logan Shaw.
15:52 of 1st period - Shot Misses the Net.
16:57 of 1st period - Simon Despres is hit by Brandon Carlo.
17:17 of 1st period - Snap shot by Jonny Brodzinski.
17:17 of 1st period - Stopped by Olivier Roy with a rebound.
17:19 of 1st period - Wrist shot by Jonny Brodzinski.
17:19 of 1st period - Stopped by Olivier Roy with a rebound.
17:21 of 1st period - Slapshot by Brandon Carlo.
17:21 of 1st period - Stopped by Olivier Roy with a rebound.
17:23 of 1st period - Slapshot by Jonny Brodzinski.
17:23 of 1st period - Shot Misses the Net.
17:43 of 1st period - Wrist shot by Ben Hanowski.
17:43 of 1st period - Stopped by Calvin Pickard with a rebound.
17:45 of 1st period - Slapshot by Adam Gaudette.
17:45 of 1st period - Deflect By Ben Hanowski.
17:45 of 1st period - Stopped by Calvin Pickard without a rebound.
17:46 of 1st period - Dylan Larkin wins face-off versus Anton Lander in Mulligans zone.
17:56 of 1st period - Wrist shot by Anton Lander.
17:56 of 1st period - Shot Misses the Net.
17:58 of 1st period - Snap shot by Anton Lander.
17:58 of 1st period - Stopped by Olivier Roy without a rebound.
17:59 of 1st period - Anton Lander wins face-off versus Dylan Larkin in Royaux zone.
18:06 of 1st period - Snap shot by Logan Shaw.
18:06 of 1st period - Shot Misses the Net.
18:24 of 1st period - Logan Shaw is hit by Sonny Milano and loses puck.
18:39 of 1st period - Slapshot by Darren Dietz.
18:39 of 1st period - Stopped by Olivier Roy with a rebound.
18:58 of 1st period - Snap shot by Maxime Macenauer.
18:58 of 1st period - Shot Misses the Net.
19:00 of 1st period - Wrist shot by Reid Boucher.
19:00 of 1st period - Shot Misses the Net.
19:02 of 1st period - Wrist shot by Maxime Macenauer.
19:02 of 1st period - Stopped by Olivier Roy with a rebound.
19:24 of 1st period - Slapshot by Pavel Buchnevich.
19:24 of 1st period - Shot Blocked by Brett Seney.
19:36 of 1st period - Mathieu Joseph is hit by Christian Wolanin and loses puck.
Goals for this period are 2 for Royaux vs 3 for Mulligans.
Shots for this period are 11 for Royaux vs 19 for Mulligans.
2nd period
0:01 of 2nd period - Dylan Larkin wins face-off versus Sven Baertschi in neutral zone.
1:09 of 2nd period - Wrist shot by Logan Shaw.
1:09 of 2nd period - Shot Blocked by Jordie Benn.
1:15 of 2nd period - Wrist shot by Jordie Benn.
1:15 of 2nd period - Goal by Jordie Benn - Royaux : 3 - Mulligans : 3.
1:16 of 2nd period - Dylan Larkin wins face-off versus Anton Lander in neutral zone.
1:41 of 2nd period - Simon Despres is hit by Joonas Donskoi and loses puck.
2:10 of 2nd period - Brett Seney is hit by Danny Kristo and loses puck.
2:33 of 2nd period - Snap shot by Darren Dietz.
2:33 of 2nd period - Deflect By Jonny Brodzinski.
2:33 of 2nd period - Shot Misses the Net.
2:33 of 2nd period - Puck is out of play.
2:34 of 2nd period - Jonny Brodzinski wins face-off versus Rourke Chartier in Royaux zone.
2:45 of 2nd period - Slapshot by Marcus Pettersson.
2:45 of 2nd period - Deflect By Mathieu Joseph.
2:45 of 2nd period - Shot Misses the Net.
2:45 of 2nd period - Puck is out of play.
2:46 of 2nd period - Logan Shaw wins face-off versus Dylan Larkin in Mulligans zone.
3:36 of 2nd period - Simon Despres is hit by Robby Fabbri and loses puck.
3:43 of 2nd period - Snap shot by Robby Fabbri.
3:43 of 2nd period - Shot Misses the Net.
3:45 of 2nd period - Slapshot by Ben Hutton.
3:45 of 2nd period - Stopped by Olivier Roy without a rebound.
3:46 of 2nd period - Anton Lander wins face-off versus Dylan Larkin in Royaux zone.
4:13 of 2nd period - Snap shot by Joonas Donskoi.
4:13 of 2nd period - Shot Blocked by Ryan Pulock.
5:26 of 2nd period - Sven Baertschi is hit by Pavel Buchnevich and loses puck.
5:37 of 2nd period - Snap shot by Ben Hanowski.
5:37 of 2nd period - Goal by Ben Hanowski - Royaux : 4 - Mulligans : 3.
5:38 of 2nd period - Dylan Larkin wins face-off versus Maxime Macenauer in neutral zone.
6:04 of 2nd period - Travis Sanheim is hit by Brett Seney and loses puck.
6:15 of 2nd period - Slapshot by Travis Sanheim.
6:15 of 2nd period - Stopped by Calvin Pickard without a rebound.
6:16 of 2nd period - Mathew Barzal wins face-off versus Anton Lander in Mulligans zone.
6:25 of 2nd period - Snap shot by Danny Kristo.
6:25 of 2nd period - Shot Misses the Net.
6:27 of 2nd period - Slapshot by Phil Oreskovic.
6:27 of 2nd period - Shot Misses the Net.
6:29 of 2nd period - Snap shot by Mathew Barzal.
6:29 of 2nd period - Shot Misses the Net.
6:31 of 2nd period - Wrist shot by Sonny Milano.
6:31 of 2nd period - Goal by Sonny Milano - Royaux : 5 - Mulligans : 3.
6:31 of 2nd period - Juuse Saros enters game.
6:32 of 2nd period - Dylan Larkin wins face-off versus Anton Lander in neutral zone.
6:59 of 2nd period - Marcus Pettersson is hit by Brandon Carlo.
7:00 of 2nd period - Icing by Marcus Pettersson.
7:01 of 2nd period - Maxime Macenauer wins face-off versus Adam Gaudette in Royaux zone.
7:04 of 2nd period - Snap shot by Joonas Donskoi.
7:04 of 2nd period - Stopped by Olivier Roy with a rebound.
7:06 of 2nd period - Slapshot by Darren Dietz.
7:06 of 2nd period - Stopped by Olivier Roy with a rebound.
7:39 of 2nd period - Slapshot by Travis Sanheim.
7:39 of 2nd period - Shot Blocked by Joonas Donskoi.
8:03 of 2nd period - Slapshot by Adam Gaudette.
8:03 of 2nd period - Goal by Adam Gaudette - Royaux : 6 - Mulligans : 3.
8:04 of 2nd period - Anton Lander wins face-off versus Pavel Buchnevich in neutral zone.
8:38 of 2nd period - Wrist shot by Pavel Buchnevich.
8:38 of 2nd period - Shot Misses the Net.
8:40 of 2nd period - Snap shot by Dylan Larkin.
8:40 of 2nd period - Stopped by Juuse Saros with a rebound.
9:31 of 2nd period - Snap shot by Dylan Larkin.
9:31 of 2nd period - Goal by Dylan Larkin - Royaux : 7 - Mulligans : 3.
9:32 of 2nd period - Anton Lander wins face-off versus Adam Gaudette in neutral zone.
9:35 of 2nd period - Slapshot by Logan Shaw.
9:35 of 2nd period - Deflect By Anton Lander.
9:35 of 2nd period - Shot Blocked by Simon Despres.
9:35 of 2nd period - Puck is out of play.
9:36 of 2nd period - Anton Lander wins face-off versus Adam Gaudette in Royaux zone.
10:09 of 2nd period - Snap shot by Sonny Milano.
10:09 of 2nd period - Stopped by Juuse Saros without a rebound.
10:10 of 2nd period - Anton Lander wins face-off versus Mathew Barzal in Mulligans zone.
10:19 of 2nd period - Snap shot by Sven Baertschi.
10:19 of 2nd period - Shot Misses the Net.
10:36 of 2nd period - Snap shot by Tye McGinn.
10:36 of 2nd period - Stopped by Juuse Saros with a rebound.
10:38 of 2nd period - Snap shot by Adam Gaudette.
10:38 of 2nd period - Shot Blocked by Ilya Lyubushkin.
10:40 of 2nd period - Wrist shot by Tye McGinn.
10:40 of 2nd period - Deflect By Adam Gaudette.
10:40 of 2nd period - Shot Misses the Net.
10:40 of 2nd period - Puck is out of play.
10:41 of 2nd period - Maxime Macenauer wins face-off versus Dylan Larkin in Mulligans zone.
10:59 of 2nd period - Wrist shot by Maxime Macenauer.
10:59 of 2nd period - Stopped by Olivier Roy with a rebound.
11:01 of 2nd period - Snap shot by Reid Boucher.
11:01 of 2nd period - Shot Blocked by Pavel Buchnevich.
11:05 of 2nd period - Wrist shot by Joonas Donskoi.
11:05 of 2nd period - Goal by Joonas Donskoi - Royaux : 7 - Mulligans : 4.
11:06 of 2nd period - Anton Lander wins face-off versus Dylan Larkin in neutral zone.
11:19 of 2nd period - Wrist shot by Anton Lander.
11:19 of 2nd period - Shot Blocked by Brandon Pirri.
11:21 of 2nd period - Wrist shot by Sven Baertschi.
11:21 of 2nd period - Shot Misses the Net.
11:39 of 2nd period - Snap shot by Brandon Carlo.
11:39 of 2nd period - Shot Misses the Net.
11:41 of 2nd period - Slapshot by Brandon Carlo.
11:41 of 2nd period - Shot Blocked by Simon Despres.
11:43 of 2nd period - Backhand shot by Brandon Carlo.
11:43 of 2nd period - Deflect By Robby Fabbri.
11:43 of 2nd period - Stopped by Olivier Roy without a rebound.
11:44 of 2nd period - Dylan Larkin wins face-off versus Joonas Donskoi in Royaux zone.
11:44 of 2nd period - Dylan Larkin is hit by Joonas Donskoi.
11:54 of 2nd period - Wrist shot by Jordie Benn.
11:54 of 2nd period - Stopped by Juuse Saros with a rebound.
12:24 of 2nd period - Wrist shot by Robby Fabbri.
12:24 of 2nd period - Shot Blocked by Adam Gaudette.
13:02 of 2nd period - Slapshot by Phil Oreskovic.
13:02 of 2nd period - Shot Blocked by Brandon Carlo.
13:04 of 2nd period - Slapshot by Phil Oreskovic.
13:04 of 2nd period - Stopped by Juuse Saros without a rebound.
13:05 of 2nd period - Dylan Larkin wins face-off versus Joonas Donskoi in Mulligans zone.
13:06 of 2nd period - Wrist shot by Brandon Pirri.
13:06 of 2nd period - Stopped by Juuse Saros with a rebound.
13:08 of 2nd period - Slapshot by Brandon Pirri.
13:08 of 2nd period - Stopped by Juuse Saros without a rebound.
13:09 of 2nd period - Dylan Larkin wins face-off versus Reid Boucher in Mulligans zone.
13:18 of 2nd period - Reid Boucher is hit by Pavel Buchnevich and loses puck.
14:03 of 2nd period - Snap shot by Ben Hutton.
14:03 of 2nd period - Shot Misses the Net.
14:05 of 2nd period - Snap shot by Cristiano Digiacinto.
14:05 of 2nd period - Shot Blocked by Ben Hanowski.
14:07 of 2nd period - Wrist shot by Cristiano Digiacinto.
14:07 of 2nd period - Shot Misses the Net.
14:44 of 2nd period - Snap shot by Dylan Larkin.
14:44 of 2nd period - Shot Misses the Net.
14:46 of 2nd period - Slapshot by Dylan Larkin.
14:46 of 2nd period - Stopped by Juuse Saros with a rebound.
14:48 of 2nd period - Slapshot by Travis Sanheim.
14:48 of 2nd period - Shot Blocked by Joonas Donskoi.
14:58 of 2nd period - Brendan Woods is hit by Anton Lander and loses puck.
15:20 of 2nd period - Snap shot by Conor Garland.
15:20 of 2nd period - Shot Blocked by Phil Oreskovic.
15:22 of 2nd period - Snap shot by Cristiano Digiacinto.
15:22 of 2nd period - Stopped by Olivier Roy with a rebound.
15:24 of 2nd period - Slapshot by Conor Garland.
15:24 of 2nd period - Goal by Conor Garland - Royaux : 7 - Mulligans : 5.
15:25 of 2nd period - Anton Lander wins face-off versus Dylan Larkin in neutral zone.
16:01 of 2nd period - Snap shot by Adam Gaudette.
16:01 of 2nd period - Stopped by Juuse Saros with a rebound.
16:15 of 2nd period - Jordie Benn is hit by Jonny Brodzinski.
17:12 of 2nd period - Snap shot by Logan Shaw.
17:12 of 2nd period - Stopped by Olivier Roy without a rebound.
17:13 of 2nd period - Adam Gaudette wins face-off versus Joonas Donskoi in Royaux zone.
17:22 of 2nd period - Brandon Carlo is hit by Adam Gaudette and loses puck.
17:28 of 2nd period - Icing by Maxime Macenauer.
17:29 of 2nd period - Pavel Buchnevich wins face-off versus Joonas Donskoi in Mulligans zone.
17:34 of 2nd period - Wrist shot by Dylan Larkin.
17:34 of 2nd period - Stopped by Juuse Saros with a rebound.
17:36 of 2nd period - Slapshot by Brandon Pirri.
17:36 of 2nd period - Shot Misses the Net.
17:38 of 2nd period - Wrist shot by Pavel Buchnevich.
17:38 of 2nd period - Stopped by Juuse Saros with a rebound.
17:42 of 2nd period - Wrist shot by Dylan Larkin.
17:42 of 2nd period - Stopped by Juuse Saros with a rebound.
18:19 of 2nd period - Wrist shot by Joonas Donskoi.
18:19 of 2nd period - Stopped by Olivier Roy without a rebound.
18:20 of 2nd period - Dylan Larkin wins face-off versus Anton Lander in Royaux zone.
18:41 of 2nd period - Minor Penalty to Logan Shaw for Slashing.
18:42 of 2nd period - Anton Lander wins face-off versus Dylan Larkin in Mulligans zone.
Goals for this period are 5 for Royaux vs 2 for Mulligans.
Shots for this period are 18 for Royaux vs 10 for Mulligans.
3rd period
0:01 of 3rd period - Dylan Larkin wins face-off versus Anton Lander in neutral zone.
0:15 of 3rd period - Icing by Tye McGinn.
0:16 of 3rd period - Dylan Larkin wins face-off versus Anton Lander in Royaux zone.
0:21 of 3rd period - Ben Hutton is hit by Pavel Buchnevich and loses puck.
0:41 of 3rd period - Penalty to Logan Shaw is over, Logan Shaw is back on ice.
1:10 of 3rd period - Ben Hutton is hit by Tye McGinn and loses puck.
1:43 of 3rd period - Snap shot by Dylan Larkin.
1:43 of 3rd period - Stopped by Juuse Saros without a rebound.
1:44 of 3rd period - Robby Fabbri wins face-off versus Mathew Barzal in Mulligans zone.
1:49 of 3rd period - Mathew Barzal is hit by Valeri Nichushkin and loses puck.
2:11 of 3rd period - Ryan Pulock is hit by Cristiano Digiacinto.
2:41 of 3rd period - Backhand shot by Travis Sanheim.
2:41 of 3rd period - Deflect By Darren Dietz.
2:41 of 3rd period - Goal by Travis Sanheim - Royaux : 8 - Mulligans : 5.
2:42 of 3rd period - Mathew Barzal wins face-off versus Robby Fabbri in neutral zone.
2:47 of 3rd period - Robby Fabbri is hit by Mathew Barzal and loses puck.
3:05 of 3rd period - Icing by Ilya Lyubushkin.
3:06 of 3rd period - Rourke Chartier wins face-off versus Jonny Brodzinski in Mulligans zone.
3:39 of 3rd period - Icing by Robbie Russo.
3:40 of 3rd period - Brandon Pirri wins face-off versus Anton Lander in Mulligans zone.
4:30 of 3rd period - Adam Gaudette is hit by Ben Hutton and loses puck.
4:35 of 3rd period - Wrist shot by Joonas Donskoi.
4:35 of 3rd period - Deflect By Maxime Macenauer.
4:35 of 3rd period - Deflect By Marcus Pettersson.
4:35 of 3rd period - Shot Misses the Net.
4:35 of 3rd period - Puck is out of play.
4:36 of 3rd period - Dylan Larkin wins face-off versus Maxime Macenauer in Royaux zone.
4:36 of 3rd period - Dylan Larkin is hit by Ilya Lyubushkin.
4:44 of 3rd period - Slapshot by Marcus Pettersson.
4:44 of 3rd period - Deflect By Darren Dietz.
4:44 of 3rd period - Stopped by Juuse Saros without a rebound.
4:45 of 3rd period - Dylan Larkin wins face-off versus Maxime Macenauer in Mulligans zone.
4:50 of 3rd period - Slapshot by Dylan Larkin.
4:50 of 3rd period - Stopped by Juuse Saros without a rebound.
4:51 of 3rd period - Dylan Larkin wins face-off versus Anton Lander in Mulligans zone.
5:16 of 3rd period - Ben Hutton is hit by Adam Gaudette and loses puck.
5:42 of 3rd period - Wrist shot by Sonny Milano.
5:42 of 3rd period - Stopped by Juuse Saros without a rebound.
5:43 of 3rd period - Jonny Brodzinski wins face-off versus Mathew Barzal in Mulligans zone.
5:52 of 3rd period - Snap shot by Jonny Brodzinski.
5:52 of 3rd period - Stopped by Olivier Roy with a rebound.
6:08 of 3rd period - Logan Shaw is hit by Dylan Larkin.
6:44 of 3rd period - Ilya Lyubushkin is hit by Ben Hanowski and loses puck.
7:46 of 3rd period - Minor Penalty to Logan Shaw for Roughing.
7:47 of 3rd period - Dylan Larkin wins face-off versus Anton Lander in Mulligans zone.
8:13 of 3rd period - Wrist shot by Brandon Pirri.
8:13 of 3rd period - Goal by Brandon Pirri - Royaux : 9 - Mulligans : 5.
8:14 of 3rd period - Dylan Larkin wins face-off versus Anton Lander in neutral zone.
8:27 of 3rd period - Snap shot by Dylan Larkin.
8:27 of 3rd period - Stopped by Juuse Saros without a rebound.
8:28 of 3rd period - Sven Baertschi wins face-off versus Adam Gaudette in Mulligans zone.
9:04 of 3rd period - Wrist shot by Maxime Macenauer.
9:04 of 3rd period - Shot Misses the Net.
9:06 of 3rd period - Slapshot by Ben Hutton.
9:06 of 3rd period - Stopped by Olivier Roy with a rebound.
9:16 of 3rd period - Wrist shot by Brandon Pirri.
9:16 of 3rd period - Shot Misses the Net.
9:22 of 3rd period - Snap shot by Danny Kristo.
9:22 of 3rd period - Shot Blocked by Christian Wolanin.
9:26 of 3rd period - Slapshot by Danny Kristo.
9:26 of 3rd period - Stopped by Juuse Saros without a rebound.
9:27 of 3rd period - Anton Lander wins face-off versus Adam Gaudette in Mulligans zone.
11:00 of 3rd period - Slapshot by Logan Shaw.
11:00 of 3rd period - Stopped by Olivier Roy with a rebound.
11:14 of 3rd period - Snap shot by Maxime Macenauer.
11:14 of 3rd period - Shot Misses the Net.
11:51 of 3rd period - Icing by Marcus Pettersson.
11:52 of 3rd period - Mathew Barzal wins face-off versus Jonny Brodzinski in Royaux zone.
12:01 of 3rd period - Slapshot by Christian Wolanin.
12:01 of 3rd period - Deflect By Cristiano Digiacinto.
12:01 of 3rd period - Goal by Cristiano Digiacinto - Royaux : 9 - Mulligans : 6.
12:02 of 3rd period - Anton Lander wins face-off versus Dylan Larkin in neutral zone.
12:15 of 3rd period - Ben Hutton is hit by Brandon Pirri and loses puck.
12:41 of 3rd period - Snap shot by Joonas Donskoi.
12:41 of 3rd period - Shot Misses the Net.
12:55 of 3rd period - Ben Hutton is hit by Brendan Woods and loses puck.
13:20 of 3rd period - Christian Wolanin is hit by Jordie Benn and loses puck.
13:50 of 3rd period - Travis Sanheim is hit by Ilya Lyubushkin and loses puck.
13:53 of 3rd period - Snap shot by Brendan Woods.
13:53 of 3rd period - Shot Misses the Net.
14:13 of 3rd period - Wrist shot by Danny Kristo.
14:13 of 3rd period - Stopped by Juuse Saros with a rebound.
14:33 of 3rd period - Maxime Macenauer is hit by Phil Oreskovic and loses puck.
15:02 of 3rd period - Anton Lander is hit by Jordie Benn and loses puck.
15:49 of 3rd period - Phil Oreskovic is hit by Jonny Brodzinski and loses puck.
16:58 of 3rd period - Snap shot by Danny Kristo.
16:58 of 3rd period - Shot Blocked by Robbie Russo.
17:20 of 3rd period - Slapshot by Simon Despres.
17:20 of 3rd period - Shot Misses the Net.
17:42 of 3rd period - Dylan Larkin is hit by Joonas Donskoi and loses puck.
18:09 of 3rd period - Adam Gaudette is hit by Robby Fabbri and loses puck.
18:22 of 3rd period - Travis Sanheim is hit by Ben Hutton.
18:26 of 3rd period - Logan Shaw is hit by Ryan Pulock and loses puck.
18:42 of 3rd period - Brandon Carlo is hit by Sonny Milano and loses puck.
18:55 of 3rd period - Sven Baertschi is hit by Travis Sanheim and loses puck.
19:18 of 3rd period - Snap shot by Sonny Milano.
19:18 of 3rd period - Deflect By Danny Kristo.
19:18 of 3rd period - Shot Blocked by Ben Hutton.
19:18 of 3rd period - Puck is out of play.
19:19 of 3rd period - Reid Boucher wins face-off versus Dylan Larkin in Mulligans zone.
Goals for this period are 2 for Royaux vs 1 for Mulligans.
Shots for this period are 9 for Royaux vs 4 for Mulligans.
Output by the SimonT Hockey Simulator (STHS) for Francois Prevost